[Event "Late-Titled-Tuesday-Blitz-March-26-2024"]
[Site "Chess.com"]
[Date "2024.03.26"]
[Round "10"]
[White "ccccvhhhj"]
[Black "simaopdias"]
[Result "0-1"]
[WhiteElo "2418"]
[BlackElo "2297"]
[TimeControl "180+1"]
[EndTime "15:53:14 PDT"]
[Termination "simaopdias won by checkmate"]

1. e4 c5 2. Nf3 g6 3. d4 cxd4 4. Nxd4 Nc6 5. Nc3 Bg7 6. Be3 Nf6 7. Nxc6 bxc6 8. e5 Nd5 9. Nxd5 cxd5 10. Qxd5 Rb8 11.
O-O-O O-O 12. f4 Bb7 13. Qd2 Bc6 14. Bd4 Qc7 15. Bc4 Qb7 16. Bb3 Bxg2 17. Rhg1 Bf3 18. Rde1 Bd5 19. Kb1 Bxb3 20. axb3 Rfd8 21. h4 d6 22. e6 fxe6 23. Rxe6 Rd7 24. h5 Qd5 25. hxg6 h6 26. Rge1 Qxd4 27. Qc1 Bf6 28. f5 Kg7 29. R6e4 Qf2 30. R4e2 Qg3 31. Rh1 Qg5 32. Qf1 Rc7 33. Reh2 Rbc8 34. Rxh6 Rxc2 35. Rh7+ Kg8 36. Rh8+ Bxh8 37.
Rxh8+ Kxh8 38. Qh3+ Kg7 39. Qh7+ Kf6 40. Qf7+ Ke5 41. Qe6+ Kf4 42. Qd5 Qxf5 43. Qd4+ Kg5 44. Qe3+ Kxg6 45. Qg3+ Kf7 46. Ka2 Qa5+ 47. Kb1 Rc1# 0-1

[Event "Late-Titled-Tuesday-Blitz-March-26-2024"]
[Site "Chess.com"]
[Date "2024.03.26"]
[Round "10"]
[White "jinbojinbo"]
[Black "MathiasWomacka"]
[Result "1-0"]
[WhiteElo "2639"]
[BlackElo "2477"]
[TimeControl "180+1"]
[EndTime "15:53:18 PDT"]
[Termination "jinbojinbo won on time"]

1. c4 c5 2. Nc3 Nf6 3. Nf3 e6 4. d4 cxd4 5. Nxd4 Bb4 6. Bd2 Nc6 7.
Nc2 Bc5 8. e3 O-O 9. Be2 b6 10.
O-O Bb7 11. a3 Rc8 12. Bf3 Qc7 13. Nb5 Qb8 14. Bc3 a6 15. Nbd4 Ne5 16. Bxb7 Qxb7 17. Nxe6 dxe6 18. Bxe5 Be7 19. Qe2 Qe4 20. Bd4 e5 21. f3 Qf5 22. Bxb6 Rb8 23. c5 e4 24. Nd4 Qg5 25. f4 Qd5 26. b4 Nd7 27. Qxa6 Nxb6 28. cxb6 Bf6 29. Rfd1 Qd6 30. Rac1 Rxb6 31. Qe2 Ra8 32. Qc2 g6 33. Qxe4 Rxa3 34. Rc8+ Kg7 35. Qe8 1-0

[Event "Late-Titled-Tuesday-Blitz-March-26-2024"]
[Site "Chess.com"]
[Date "2024.03.26"]
[Round "10"]
[White "AlexeiShirov"]
[Black "GMMikhailKazakov"]
[Result "1-0"]
[WhiteElo "2818"]
[BlackElo "2520"]
[TimeControl "180+1"]
[EndTime "15:53:19 PDT"]
[Termination "AlexeiShirov won by resignation"]

1. e4 e5 2. Nf3 Nc6 3. Bb5 a6 4. Ba4 Nf6 5. O-O Be7 6. Re1 b5 7. Bb3 d6 8. c3 O-O 9. h3 Nb8 10. d4 Nbd7 11. c4 Bb7 12. Nc3 b4 13. Nd5 a5 14.
Ba4 Nb6 15. Nxb6 cxb6 16. d5 Nd7 17. a3 bxa3 18. Rxa3 Nc5 19. Bc6 Bxc6 20. dxc6 Qc7 21. Nh2 Qxc6 22. Ng4 Nxe4 23. Qf3 f5 24. Ne3 g6 25.
Nd5 Bd8 26. b3 Rc8 27. Bh6 Rf7 28. Ra2 Nf6 29. Rd2 Nxd5 30. Rxd5 Be7 31. Qd1 a4 32.
Rb5 axb3 33. Qxb3 Qxc4 34. Rc1 Qxc1+ 35. Bxc1 Rxc1+ 36. Kh2 Bd8 37. Qe6 Rc6 38. Qe8+ 1-0

[Event "Late-Titled-Tuesday-Blitz-March-26-2024"]
[Site "Chess.com"]
[Date "2024.03.26"]
[Round "10"]
[White "stollenmonster"]
[Black "TokChess"]
[Result "1-0"]
[WhiteElo "2845"]
[BlackElo "2605"]
[TimeControl "180+1"]
[EndTime "15:53:19 PDT"]
[Termination "stollenmonster won by resignation"]

1. e4 c5 2. Nf3 e6 3. Be2 Nc6 4. c4 d6 5. d4 cxd4 6. Nxd4 Nf6 7. Nc3 Be7 8. O-O O-O 9. Be3 Bd7 10. Rc1 Nxd4 11. Qxd4 Bc6 12. Rfd1 a6 13. h3 Qa5 14. Qd2 Kh8 15. Bf3 Rfd8 16. a3 Rac8 17. b4 Qxa3 18. Bb6 Qxb4 19. Bxd8 Rxd8 20. Qe2 Qc5 21. Nd5 Re8 22.
Nxe7 Rxe7 23. e5 dxe5 24. Bxc6 Qxc6 25. Rd8+ Re8 26. Rxe8+ Nxe8 27. Qxe5 h6 28. Rd1 Nf6 29. Rd8+ Kh7 30. Qd4 Qc7 31. Rf8 e5 32. Qd3+ e4 33. Qd4 Kg6 34. c5 Qc6 35. Rd8 Qc7 36. Rd6 a5 37.
Qxe4+ 1-0

[Event "Late-Titled-Tuesday-Blitz-March-26-2024"]
[Site "Chess.com"]
[Date "2024.03.26"]
[Round "10"]
[White "IriBu"]
[Black "UK_23"]
[Result "1-0"]
[WhiteElo "2571"]
[BlackElo "2399"]
[TimeControl "180+1"]
[EndTime "15:53:21 PDT"]
[Termination "IriBu won by resignation"]

1. Nf3 d5 2. d3 Nf6 3. Nbd2 e6 4. e4 Be7 5. Be2 O-O 6. O-O c5 7. Re1 Nc6 8. h3 b5 9. c3 Bb7 10. Bf1 Qb6 11. Qc2 Rfc8 12. a3 a5 13. a4 b4 14. e5 Nd7 15. c4 Nd4 16. Nxd4 cxd4 17.
b3 dxc4 18. dxc4 Qc6 19. Bb2 Bc5 20. Nf3 Rd8 21. Rad1 Nf8 22. Bxd4 Bxd4 23. Nxd4 Qc5 24. Nb5 Ng6 25. Nd6 Bc6 26. Qe2 Rd7 27. Qe3 Qxe3 28.
Rxe3 Rad8 29. c5 Ne7 30. Bb5 Rb8 31. Red3 Rc7 32. Bxc6 Nxc6 33. f4 f6 34. Nb5 Rcc8 35. exf6 gxf6 36. Rd6 Kf7 37. Rd7+ Kg6 38. Nd6 Rd8 39. Nb7 Rxd7 40. Rxd7 Kf5 41. g3 h5 42. Kf2 h4 43. Nd6+ Kg6 44. Ne4 hxg3+ 45. Kxg3 Kf5 46. Kf3 Rh8 47. Ng3+ Kg6 48. Rd6 Rc8 49. h4 e5 50.
fxe5 Nxe5+ 51. Kf4 Nf7 52. h5+ Kg7 53. Nf5+ Kg8 54.
Ne7+ 1-0

[Event "Late-Titled-Tuesday-Blitz-March-26-2024"]
[Site "Chess.com"]
[Date "2024.03.26"]
[Round "10"]
[White "temus_galaktionov"]
[Black "Vahe_Danielyan"]
[Result "1-0"]
[WhiteElo "2836"]
[BlackElo "2593"]
[TimeControl "180+1"]
[EndTime "15:53:24 PDT"]
[Termination "temus_galaktionov won by resignation"]

1. d4 Nf6 2. c4 c5 3. d5 b5 4. cxb5 a6 5. bxa6 g6 6. Nc3 Bg7 7. a7 Rxa7 8. e4 O-O 9. Nf3 e6 10. dxe6 fxe6 11. Bc4 Bb7 12. Be3 Nxe4 13. Nxe4 Bxe4 14.
Bxc5 Qa5+ 15. b4 Bc3+ 16. Kf1 Bxb4 17. Bxf8 Bxf8 18. Bd3 Bd5 19. h4 Qc3 20. Rh3 Ra3 21. Ng5 Qf6 22. Bxg6 hxg6 23. Rxa3 Bxa3 24. Rb1 Nc6 25.
Qd2 Bc5 26. Rb7 Ne5 27. Rb8+ Kg7 28. Qb2 Bc4+ 29. Kg1 Bd4 30. Qxd4 Nf3+ 31. Nxf3 Qxd4 32. Nxd4 1-0

[Event "Late-Titled-Tuesday-Blitz-March-26-2024"]
[Site "Chess.com"]
[Date "2024.03.26"]
[Round "10"]
[White "IsaqueGoncalvesSanto"]
[Black "dasatcu90"]
[Result "1-0"]
[WhiteElo "1919"]
[BlackElo "2207"]
[TimeControl "180+1"]
[EndTime "15:53:24 PDT"]
[Termination "IsaqueGoncalvesSanto won by checkmate"]

1. d4 Nf6 2. c4 e6 3. Nc3 Bb4 4. e3 O-O 5. Bd3 d5 6. Ne2 c5 7. cxd5 exd5 8. a3 Bxc3+ 9. bxc3 c4 10. Bb1 Nc6 11. O-O Na5 12. Bc2 Bd7 13. Rb1 b5 14.
Ng3 Re8 15. Re1 a6 16. f3 Nb7 17. e4 Be6 18. e5 Nd7 19. f4 Nf8 20. f5 Bd7 21. Qg4 f6 22. e6 Bc6 23. Nh5 Qe7 24. Nxf6+ Qxf6 25. Bg5 Qxg5 26. Qxg5 Nd6 27. f6 Nxe6 28.
Rxe6 Nf7 29. Qxg7# 1-0

[Event "Late-Titled-Tuesday-Blitz-March-26-2024"]
[Site "Chess.com"]
[Date "2024.03.26"]
[Round "10"]
[White "campochess"]
[Black "Viktor_Poddubnyi"]
[Result "1-0"]
[WhiteElo "2191"]
[BlackElo "2283"]
[TimeControl "180+1"]
[EndTime "15:53:26 PDT"]
[Termination "campochess won on time"]

1. e4 g6 2. d4 Bg7 3. Nf3 d6 4. h3 Nf6 5. Bd3 Nc6 6. c3 e5 7.
d5 Ne7 8. c4 O-O 9. Nc3 Nh5 10.
g4 Nf4 11. Bxf4 exf4 12. Qd2 c6 13. Qxf4 Qb6 14. Qd2 h6 15. O-O g5 16. Rab1 Ng6 17. b4 Nf4 18. Kh2 Bxc3 19. Qxc3 Qd8 20. Rbd1 Qe7 21.
Rfe1 f6 22. c5 Bd7 23. cxd6 Qxd6 24. e5 fxe5 25. Qxe5 Qxe5 26. Nxe5 Be8 27. d6 Rd8 28.
Bc4+ Kg7 29. d7 Bg6 30. Rd6 Bh7 31. Nf3 Nxh3 32. Re7+ Kh8 33. Rxh6 1-0

[Event "Late-Titled-Tuesday-Blitz-March-26-2024"]
[Site "Chess.com"]
[Date "2024.03.26"]
[Round "10"]
[White "TanitoluwaAps116"]
[Black "Oleg_Papayan"]
[Result "0-1"]
[WhiteElo "2813"]
[BlackElo "2669"]
[TimeControl "180+1"]
[EndTime "15:53:28 PDT"]
[Termination "Oleg_Papayan won by resignation"]

1. e4 d5 2. exd5 Qxd5 3. Nc3 Qd8 4. d4 c6 5. Nf3 Bf5 6. Bc4 e6 7. Ne5 Nd7 8. Bf4 Nxe5 9. Bxe5 Nf6 10. O-O Be7 11. Qe2 O-O 12. Rad1 a5 13. a3 Bg6 14.
Rfe1 b5 15. Bd3 b4 16. axb4 axb4 17. Ne4 Nxe4 18. Bxe4 Ra2 19. Qc4 Rxb2 20. Bxg6 hxg6 21. Qxc6 Qc8 22. Qxc8 Rxc8 23. d5 Rbxc2 24. d6 Bf6 25. d7 Rd8 26. Bf4 b3 27. Re4 b2 28. g3 g5 29. Be3 Rc7 30. Rb4 Rcxd7 31. Rxd7 Rxd7 32. Kg2 Rd1 0-1

[Event "Late-Titled-Tuesday-Blitz-March-26-2024"]
[Site "Chess.com"]
[Date "2024.03.26"]
[Round "10"]
[White "jefferyx"]
[Black "dretch"]
[Result "1-0"]
[WhiteElo "3102"]
[BlackElo "2874"]
[TimeControl "180+1"]
[EndTime "15:53:29 PDT"]
[Termination "jefferyx won on time"]

1. e4 e6 2. d4 d5 3. Nc3 Nf6 4. Bg5 dxe4 5. Nxe4 Be7 6. Bxf6 Bxf6 7. Nf3 Nd7 8. Bd3 c5 9. Qe2 Qa5+ 10. c3 cxd4 11.
Nxf6+ Nxf6 12. Nxd4 O-O 13. O-O e5 14. Nb3 Qc7 15.
Rfe1 Re8 16. Bb5 Bg4 17. Qe3 Re7 18. h3 Bh5 19. a4 h6 20. a5 a6 21. Bf1 Rd8 22.
Qc5 Qxc5 23. Nxc5 Rd2 24. b4 Nd5 25. Rac1 f6 26. Ne4 Rb2 27. Bc4 Bf7 28. Nd6 Be6 29.
g3 Rd7 30. Ne4 Rc7 31. Nc5 Rxc5 32. bxc5 Kf7 33. Rb1 1-0

[Event "Late-Titled-Tuesday-Blitz-March-26-2024"]
[Site "Chess.com"]
[Date "2024.03.26"]
[Round "10"]
[White "EsmeraldasAnderson03"]
[Black "Zhigalko_Sergei"]
[Result "0-1"]
[WhiteElo "2609"]
[BlackElo "2881"]
[TimeControl "180+1"]
[EndTime "15:53:31 PDT"]
[Termination "Zhigalko_Sergei won by resignation"]

1. d4 Nf6 2. c4 e6 3. Nc3 Bb4 4. f3 d5 5. a3 Be7 6. e4 dxe4 7. fxe4 e5 8. d5 O-O 9. Nf3 Bg4 10. Be2 Nbd7 11. O-O a5 12. b3 Bc5+ 13. Kh1 Bxf3 14.
Bxf3 Bd4 15. Bb2 Nc5 16. Qc2 Qe7 17. b4 axb4 18. axb4 Na6 19. Ba3 Nxb4 20. Qb3 Bc5 21. Na4 b6 22. Nxc5 bxc5 23. Bxb4 cxb4 24. Rfb1 Qc5 25.
h3 Rxa1 26. Rxa1 Rb8 27. Ra6 h6 28. Rc6 Qa7 29. c5 Nd7 30. d6 Nxc5 31. Qd5 cxd6 32. Qxd6 b3 33. Bd1 Nxe4 34. Bxb3 Nxd6 0-1

[Event "Late-Titled-Tuesday-Blitz-March-26-2024"]
[Site "Chess.com"]
[Date "2024.03.26"]
[Round "10"]
[White "ContrVersia"]
[Black "MPCandelario"]
[Result "1-0"]
[WhiteElo "2914"]
[BlackElo "2676"]
[TimeControl "180+1"]
[EndTime "15:53:32 PDT"]
[Termination "ContrVersia won by resignation"]

1. Nf3 d5 2. c4 e6 3. g3 Nf6 4. Bg2 Be7 5. O-O O-O 6. b3 b6 7. Bb2 Bb7 8. Nc3 dxc4 9. bxc4 c5 10. e3 Nc6 11. Qe2 Rb8 12. Ne1 Nb4 13. a3 Bxg2 14.
Kxg2 Nc6 15. f4 Qd7 16. g4 Rfd8 17. Rd1 Ne8 18. Nf3 Nd6 19. Rf2 Bf8 20. Rdf1 Qb7 21.
Kg1 Rd7 22. a4 Rbd8 23. d3 Nc8 24. Rd1 N8e7 25. h4 Rc7 26. h5 Nb4 27. h6 Nec6 28. hxg7 Bxg7 29. Ne4 e5 30. fxe5 Qc8 31. Nd6 Qe6 32.
d4 Qg6 33. Nh4 Qg5 34. Nhf5 cxd4 35. exd4 Bf8 36. Ne4 Qg6 37. d5 Na5 38. e6 fxe6 39.
Nf6+ Kh8 40. dxe6 Nxc4 41. Rxd8 1-0

[Event "Late-Titled-Tuesday-Blitz-March-26-2024"]
[Site "Chess.com"]
[Date "2024.03.26"]
[Round "10"]
[White "dolynachess"]
[Black "Kosak12"]
[Result "0-1"]
[WhiteElo "2511"]
[BlackElo "2747"]
[TimeControl "180+1"]
[EndTime "15:53:36 PDT"]
[Termination "Kosak12 won on time"]

1. d4 g6 2. c4 Bg7 3. Nc3 c5 4. d5 Bxc3+ 5. bxc3 f5 6. h4 Nf6 7. h5 Kf7 8. Nh3 Nxh5 9. Ng5+ Kg7 10. e4 h6 11.
Rxh5 gxh5 12. Nh3 d6 13. Nf4 Qf8 14. Qxh5 Qf6 15. Rb1 fxe4 16. Qe2 Qe5 17. g3 h5 18. Bh3 Bxh3 19. Nxh3 Nd7 20. Rxb7 Qxc3+ 21. Kd1 Ne5 22.
Rxe7+ Kf8 23. Re6 Nd3 0-1

[Event "Late-Titled-Tuesday-Blitz-March-26-2024"]
[Site "Chess.com"]
[Date "2024.03.26"]
[Round "10"]
[White "Janh4"]
[Black "elcala"]
[Result "1-0"]
[WhiteElo "2161"]
[BlackElo "1794"]
[TimeControl "180+1"]
[EndTime "15:53:37 PDT"]
[Termination "Janh4 won on time"]

1. d4 Nf6 2. Nc3 c5 3. d5 e6 4. dxe6 fxe6 5. Bg5 d5 6. e3 h6 7. Bh4 Bd6 8. Bd3 O-O 9. Nf3 Nc6 10. O-O Qc7 11.
Nb5 Qd7 12. Nxd6 Qxd6 13. c4 Ne5 14. Nxe5 Qxe5 15. b3 Bd7 16. Rc1 b6 17. Bg3 Qg5 18. Qc2 Bc6 19. h4 Qg4 20. Be2 Qf5 21. Qxf5 exf5 22.
Be5 Nd7 23. Bb2 dxc4 24. Bxc4+ Kh7 25. Rcd1 Rad8 26. Rd6 Bb7 27. Rfd1 Bc8 28. Be6 Rfe8 29. Bxf5+ 1-0

[Event "Late-Titled-Tuesday-Blitz-March-26-2024"]
[Site "Chess.com"]
[Date "2024.03.26"]
[Round "10"]
[White "CarlosjPineror"]
[Black "Mikhail_Bryakin"]
[Result "0-1"]
[WhiteElo "2739"]
[BlackElo "2880"]
[TimeControl "180+1"]
[EndTime "15:53:39 PDT"]
[Termination "Mikhail_Bryakin won by resignation"]

1. e4 d5 2. exd5 Qxd5 3. Nc3 Qe5+ 4. Qe2 Qxe2+ 5. Bxe2 c6 6. Nf3 Bf5 7. d3 e6 8. O-O h6 9. Be3 Nf6 10. h3 Nbd7 11. Nd4 Bh7 12. a4 a5 13. Nf3 Bd6 14. Rad1 O-O 15. Ne4 Be7 16. Nxf6+ Bxf6 17. c3 Rfc8 18. d4 Nb6 19. Ra1 Bc2 20. Bd1 Bd3 21. Re1 Nc4 22. Bc1 Rd8 23. b3 Nb6 24. Be2 Bxe2 25.
Rxe2 c5 26. Be3 Nd5 27. Rc1 Rac8 28. Rd2 c4 29. Rb2 b6 30. Nd2 cxb3 31. Rxb3 e5 32. dxe5 Bxe5 33. Nf3 Rxc3 34. Rbxc3 Bxc3 35. Bxb6 Nxb6 36. Rxc3 Rd5 37. Ra3 Rc5 38. Nd2 Rc2 39. Kh2 Rxd2 0-1

[Event "Late-Titled-Tuesday-Blitz-March-26-2024"]
[Site "Chess.com"]
[Date "2024.03.26"]
[Round "10"]
[White "1g60-1"]
[Black "FMYiLiu"]
[Result "0-1"]
[WhiteElo "2390"]
[BlackElo "2509"]
[TimeControl "180+1"]
[EndTime "15:53:42 PDT"]
[Termination "FMYiLiu won by checkmate"]

1. e4 e6 2. d4 d5 3. Nd2 c5 4.
Ngf3 cxd4 5. Nxd4 Nf6 6. e5 Nfd7 7. f4 Nxe5 8. N2f3 Nxf3+ 9. Qxf3 Nc6 10. c3 Nxd4 11.
cxd4 Bb4+ 12. Kf2 O-O 13. Bd3 Bd7 14. g4 Qb6 15. Be3 Be7 16. Rab1 Bb5 17. Bc2 Rfc8 18. Rhc1 Qa6 19. Bb3 Bc4 20. Bxc4 dxc4 21. a3 b5 22. g5 Qc6 23. Qg4 Qe4 24. h4 c3 25. bxc3 Bxa3 26. Re1 Rxc3 27. Rxb5 Rc2+ 28. Re2 Rac8 29. Bd2 Qxd4+ 30. Be3 Qd3 31. Rb1 Rxe2+ 32. Qxe2 Qxb1 33. Qa6 Qc2+ 34. Kg3 Qc3 35. Kg4 h5+ 36. gxh6 f5+ 37.
Kh5 Qc6 38. Qxa3 Qf3+ 39. Kg6 Qg4# 0-1

[Event "Late-Titled-Tuesday-Blitz-March-26-2024"]
[Site "Chess.com"]
[Date "2024.03.26"]
[Round "10"]
[White "DinaBelenkaya"]
[Black "Zampronha1971"]
[Result "0-1"]
[WhiteElo "2483"]
[BlackElo "2397"]
[TimeControl "180+1"]
[EndTime "15:53:42 PDT"]
[Termination "Zampronha1971 won by checkmate"]

1. Nf3 Nf6 2. g3 e6 3. Bg2 d5 4. d3 Be7 5. Nbd2 O-O 6. O-O c5 7. e4 b6 8. e5 Nfd7 9. Qe2 Nc6 10. Re1 b5 11. Nf1 a5 12. h4 a4 13. Bg5 b4 14.
N1h2 Ba6 15. Ng4 c4 16. Qe3 h5 17. Ngh2 a3 18. b3 cxd3 19. cxd3 Qb6 20. d4 Bxg5 21.
hxg5 Ne7 22. g4 hxg4 23. Nxg4 Nf5 24. Qf4 Rfc8 25. Nf6+ gxf6 26. gxf6 Kf8 27. Bh3 Bd3 28. Re3 Be4 29. Ng5 Qxd4 30. Bxf5 Qxa1+ 31. Kh2 Qh1+ 32. Kg3 Bxf5 33. Nf3 Qh3# 0-1

[Event "Late-Titled-Tuesday-Blitz-March-26-2024"]
[Site "Chess.com"]
[Date "2024.03.26"]
[Round "10"]
[White "dropstoneDP"]
[Black "kingofthenil"]
[Result "1/2-1/2"]
[WhiteElo "3007"]
[BlackElo "2796"]
[TimeControl "180+1"]
[EndTime "15:53:44 PDT"]
[Termination "Game drawn by repetition"]

1. e4 Nc6 2. d4 d5 3. e5 Bf5 4.
c3 e6 5. Nd2 f6 6. f4 g5 7. Ndf3 gxf4 8. Bxf4 fxe5 9. Nxe5 Nxe5 10. Bxe5 Qh4+ 11. Bg3 Qe4+ 12. Qe2 Bd6 13. Nf3 Bxg3+ 14.
hxg3 Nf6 15. Ne5 Rg8 16. Qxe4 Nxe4 17. g4 Bxg4 18. Rxh7 O-O-O 19. Rh4 Nf6 20. Bd3 Bf5 21. Bxf5 exf5 22. Kf1 Ne4 23. Kg1 Rg7 24. Rf1 Rdg8 25. Rh2 Ng3 26. Rf3 b6 27. Kf2 Ne4+ 28. Kg1 Ng3 29. Kf2 Ne4+ 30. Kg1 Ng3 1/2-1/2

[Event "Late-Titled-Tuesday-Blitz-March-26-2024"]
[Site "Chess.com"]
[Date "2024.03.26"]
[Round "10"]
[White "prochn"]
[Black "Boundless_Strike"]
[Result "0-1"]
[WhiteElo "2521"]
[BlackElo "2626"]
[TimeControl "180+1"]
[EndTime "15:53:44 PDT"]
[Termination "Boundless_Strike won by resignation"]

1. d4 e5 2. dxe5 d6 3. Nf3 Bg4 4. g3 Nc6 5. Bg2 Qd7 6. exd6 Bxd6 7. c3 O-O-O 8. Qa4 Bh3 9. Bxh3 Qxh3 10. Be3 Nf6 11.
Nbd2 Ng4 12. Bxa7 Rhe8 13. e3 Qg2 14. Rf1 f5 15. h3 Nxe3 16. Bxe3 Rxe3+ 17. Kd1 Rxf3 18. Kc2 Rxf2 19. Rxf2 Qxf2 20. Rf1 Qe2 21. Rxf5 Be5 22. Qg4 Rxd2+ 23. Kb3 Rxb2+ 0-1

[Event "Late-Titled-Tuesday-Blitz-March-26-2024"]
[Site "Chess.com"]
[Date "2024.03.26"]
[Round "10"]
[White "thesupera12"]
[Black "noblerone"]
[Result "1/2-1/2"]
[WhiteElo "2430"]
[BlackElo "2525"]
[TimeControl "180+1"]
[EndTime "15:53:45 PDT"]
[Termination "Game drawn by agreement"]

1. d4 d5 2. Bg5 h6 3. Bh4 c6 4.
e3 Qb6 5. Qc1 Bf5 6. c4 e6 7.
Nc3 Nd7 8. Nf3 Ngf6 9. c5 Qd8 10.
b4 Be7 11. a4 Ne4 12. Bxe7 Qxe7 13. Nxe4 Bxe4 14. Be2 O-O 15. O-O e5 16. Qb2 Bxf3 17. Bxf3 exd4 18. Qxd4 Ne5 19. Be2 a6 20. Rfb1 Nd7 21.
h3 Rfe8 22. Rc1 g6 23. Rab1 Qe5 24. Qd2 Nf6 25. Bd3 Ne4 26. Bxe4 Qxe4 27. Qc2 Qxc2 28.
Rxc2 Re4 29. Rcb2 Kg7 30. g3 Rc4 31. Kg2 Re8 32. h4 h5 33. Ra1 Ree4 34. b5 axb5 35. axb5 Rxc5 36. bxc6 bxc6 37. Ra7 Re6 38. Rc7 Rf6 39. Rd7 Rc1 40. Rc7 Rd6 41. Rbb7 Rf6 42. Rb2 Rc4 43. Rd2 Rd6 44. Rb2 d4 45. exd4 Rcxd4 46. Rc2 Rf6 47. R7xc6 Rxc6 48. Rxc6 Rd3 49. Rb6 Ra3 50. Rb4 Rc3 1/2-1/2

[Event "Late-Titled-Tuesday-Blitz-March-26-2024"]
[Site "Chess.com"]
[Date "2024.03.26"]
[Round "10"]
[White "ArchibaldCerveza29"]
[Black "lluiss"]
[Result "1-0"]
[WhiteElo "2377"]
[BlackElo "2225"]
[TimeControl "180+1"]
[EndTime "15:53:46 PDT"]
[Termination "ArchibaldCerveza29 won on time"]

1. e4 c5 2. d4 cxd4 3. c3 dxc3 4.
Nxc3 Nc6 5. Nf3 e6 6. Bc4 Bb4 7. O-O Bxc3 8. bxc3 Nge7 9. Bg5 f6 10. Bh4 O-O 11. Qd6 Ng6 12. Bg3 Kh8 13. Rfd1 Qe7 14. h4 h5 15. Rab1 b6 16. Bb5 Na5 17. Qxe7 Nxe7 18. Bxd7 Nec6 19. Bxc6 Nxc6 20. Rd6 Bb7 21. Rxe6 Rae8 22. Rxe8 Rxe8 23. Re1 Na5 24. Nd2 Rc8 25. Re3 Nc4 26. Nxc4 Rxc4 27. e5 fxe5 28. Bxe5 Re4 29. Rxe4 Bxe4 30. Bd4 Bd5 31. a3 Kg8 32. Kf1 Kf7 33. f3 g6 34. Ke2 Ke6 35. g4 Bc4+ 36. Ke3 Bb3 37. Kf4 Bd1 38. Ke4 Bc2+ 39. Ke3 Bd1 40. Kf4 Kd5 41. gxh5 gxh5 42. Ke3 1-0

[Event "Late-Titled-Tuesday-Blitz-March-26-2024"]
[Site "Chess.com"]
[Date "2024.03.26"]
[Round "10"]
[White "Doublekk14"]
[Black "ahmedkandiliii"]
[Result "0-1"]
[WhiteElo "2411"]
[BlackElo "2531"]
[TimeControl "180+1"]
[EndTime "15:53:48 PDT"]
[Termination "ahmedkandiliii won on time"]

1. c4 Nf6 2. Nc3 g6 3. e3 d5 4.
Nf3 Bg7 5. d4 O-O 6. Be2 c5 7.
cxd5 Nxd5 8. O-O cxd4 9. Nxd4 Nc6 10. Nxc6 bxc6 11. Qb3 Be6 12. Nxd5 cxd5 13. Qa4 Qb6 14. Qa3 Rab8 15. Qxe7 Rfe8 16. Qh4 Bf5 17. a4 Qc5 18. Bb5 Re4 19. f4 d4 20. exd4 Bxd4+ 21. Kh1 Qd5 22. Ra3 Rxb5 23. axb5 Re2 24. Rg3 Be4 25. Qg5 f5 26. h4 Bf2 27. Rc3 Bc5 28. b4 Bxg2+ 29. Kh2 Bxf1+ 0-1

[Event "Late-Titled-Tuesday-Blitz-March-26-2024"]
[Site "Chess.com"]
[Date "2024.03.26"]
[Round "10"]
[White "AryanTari"]
[Black "Karttunen"]
[Result "0-1"]
[WhiteElo "2964"]
[BlackElo "2729"]
[TimeControl "180+1"]
[EndTime "15:53:54 PDT"]
[Termination "Karttunen won by resignation"]

1. e4 c5 2. Nf3 d6 3. Nc3 Nf6 4. e5 dxe5 5. Nxe5 Nbd7 6. Bb5 a6 7. Bxd7+ Bxd7 8. d4 e6 9. Be3 Rc8 10. d5 Bd6 11.
Nc4 Bb8 12. Bg5 b5 13. Ne3 h6 14. Bh4 Be5 15. Ng4 Bxc3+ 16. bxc3 g5 17. Bg3 Nxg4 18. Qxg4 exd5 19. Qh5 Qf6 20. O-O O-O 21. Rad1 Bc6 22. Rd3 Rfe8 23. h4 Qg6 24. Qxg6+ fxg6 25. hxg5 hxg5 26. Bd6 Bb7 27. Rc1 Re6 28. Bg3 Rce8 29. Kh2 Kf7 30. a4 bxa4 31. c4 d4 32. c3 Be4 33. Rd2 d3 34. Ra1 Bf5 35. Rxa4 Rh8+ 0-1

[Event "Late-Titled-Tuesday-Blitz-March-26-2024"]
[Site "Chess.com"]
[Date "2024.03.26"]
[Round "10"]
[White "JaackCamel"]
[Black "HanSchut"]
[Result "0-1"]
[WhiteElo "2181"]
[BlackElo "2282"]
[TimeControl "180+1"]
[EndTime "15:53:54 PDT"]
[Termination "HanSchut won by resignation"]

1. d4 Nf6 2. c4 g6 3. Nc3 d5 4.
cxd5 Nxd5 5. e4 Nxc3 6. bxc3 Bg7 7. Nf3 c5 8. Be3 Qa5 9. Qd2 Nc6 10. Rc1 cxd4 11.
cxd4 Qxd2+ 12. Kxd2 O-O 13. Bb5 Rd8 14. Bxc6 bxc6 15.
Rhd1 e5 16. Ke1 exd4 17. Nxd4 Bb7 18. Nxc6 Re8 19. f3 f5 20. Rd7 Bxc6 21. Rxc6 fxe4 22. Rcc7 Be5 23. Rb7 exf3 24. Kf2 fxg2 25. Bh6 Rab8 26. Kxg2 Rxb7 27. Rxb7 a5 28. Ra7 Bc3 29. Kf3 Rc8 30.
Ke4 Rd8 31. h4 Rd4+ 32. Kf3 Rxh4 33. Kg3 Rxh6 0-1

[Event "Late-Titled-Tuesday-Blitz-March-26-2024"]
[Site "Chess.com"]
[Date "2024.03.26"]
[Round "10"]
[White "Romkachess"]
[Black "m_ezat"]
[Result "1-0"]
[WhiteElo "2680"]
[BlackElo "2552"]
[TimeControl "180+1"]
[EndTime "15:53:56 PDT"]
[Termination "Romkachess won by checkmate"]

1. e4 e5 2. d4 exd4 3. Qxd4 Nc6 4. Qe3 Nf6 5. Nc3 Bb4 6. Bd2 O-O 7. O-O-O Re8 8. Qg3 Nxe4 9. Nxe4 Rxe4 10. c3 Be7 11.
Bd3 Bh4 12. Qf3 Re8 13. Qh5 g6 14. Qh6 Ne5 15. Be2 d6 16. h3 Bf6 17. Nf3 Bg7 18. Qf4 Qf6 19. Qg3 Bf5 20. Bg5 Qe6 21. Nd4 Qd7 22.
h4 h5 23. Rhe1 Bg4 24. f3 Bf5 25. f4 Ng4 26. Nxf5 Qxf5 27. Bd3 Qa5 28. f5 Be5 29. Qf3 Bxc3 30. Rxe8+ Rxe8 31. fxg6 Bxb2+ 32. Kb1 f6 33. Bc4+ Kg7 34. Kxb2 Qb4+ 35. Bb3 Ne5 36. Qxf6# 1-0

[Event "Late-Titled-Tuesday-Blitz-March-26-2024"]
[Site "Chess.com"]
[Date "2024.03.26"]
[Round "10"]
[White "BozeKat"]
[Black "Christian_Jordan"]
[Result "1-0"]
[WhiteElo "2087"]
[BlackElo "2008"]
[TimeControl "180+1"]
[EndTime "15:53:56 PDT"]
[Termination "BozeKat won on time"]

1. c4 b6 2. Nc3 Bb7 3. e4 e6 4. d3 Bb4 5. Ne2 Ne7 6. g3 f5 7.
Bg2 O-O 8. O-O d6 9. a3 Bxc3 10. Nxc3 Nd7 11. Bg5 h6 12. Be3 e5 13. f4 exf4 14. Rxf4 g5 15. Rf2 Ne5 16. h3 a6 17.
Qh5 Kg7 18. Nd5 Nxd5 19. exd5 Bc8 20. Bd4 Bd7 21. Re1 Be8 22. Qd1 Qf6 23. Rfe2 Bh5 24.
Rxe5 Bxd1 25. Re7+ Rf7 26. Bxf6+ Kxf6 27. Rxf7+ Kxf7 28.
Rxd1 1-0

[Event "Late-Titled-Tuesday-Blitz-March-26-2024"]
[Site "Chess.com"]
[Date "2024.03.26"]
[Round "10"]
[White "cakeuvdort"]
[Black "Flaccidmoves"]
[Result "0-1"]
[WhiteElo "2246"]
[BlackElo "2446"]
[TimeControl "180+1"]
[EndTime "15:53:57 PDT"]
[Termination "Flaccidmoves won on time"]

1. Nf3 d5 2. e3 Nf6 3. b3 Bg4 4. Bb2 e6 5. h3 Bxf3 6. Qxf3 Bd6 7. d3 O-O 8. Nd2 e5 9. Qe2 c5 10. g3 Nc6 11. Bg2 Re8 12. e4 Nd4 13. Qd1 Bc7 14.
O-O Qd7 15. Re1 Rad8 16. c3 Nc6 17. Qe2 dxe4 18. Nxe4 Qxd3 19. Nxc5 Qxe2 20. Rxe2 e4 21. Nxb7 Rb8 22. Nc5 e3 23. Bxc6 exf2+ 24. Kxf2 Bxg3+ 25. Kf1 Rxe2 26. Kxe2 Rc8 27. b4 Rxc6 28. Rg1 Be5 29. Nd3 Bxc3 30. Bxc3 Rxc3 31. Rb1 Rc2+ 32. Ke3 Rxa2 33.
Nc5 g5 34. Rg1 h6 35. h4 g4 36. Ne4 Nxe4 37. Rxg4+ Kf8 38. Kxe4 Rf2 39. Kd5 Rf6 40.
Kc5 Rb6 41. b5 f5 42. Ra4 Rb7 43. Kc6 Rf7 44. Rf4 Kg7 45. b6 Rf6+ 46. Kc5 axb6+ 47. Kd5 Kg6 48. Ke5 Rf8 49. Kd5 Rb8 0-1